 Dungeon Crawl Stone Soup version 0.23.2-33-g5129a83184 (webtiles) character file.

Game seed: 14602537074799869435

19985 DorianNounverber the Spear-Bearer (level 12, -15/106 HPs)
             Began as a Minotaur Berserker on July 6, 2019.
             Was a High Priest of Trog.
             Shot with an arrow by a deep elf knight (16 damage)
             ... on level 1 of the Elven Halls.
             The game lasted 01:21:16 (15886 turns).

DorianNounverber the Spear-Bearer (MiBe)           Turns: 15886, Time: 01:21:18

Health: -15/106    AC: 21    Str: 27    XL:     12   Next: 41%
Magic:  11/11      EV:  4    Int:  4    God:    Trog [*****.]
Gold:   494        SH:  0    Dex: 10    Spells: 11/11 levels left

rFire    . . .     SeeInvis .   Q - +3 spear (flame)
rCold    . . .     Gourm    .   d - +0 large shield
rNeg     . . .     Faith    .   j - +4 plate armour {rPois}
rPois    +         Spirit   .   (helmet restricted)
rElec    .         Reflect  +   R - +2 cloak
rCorr    .         Harm     .   (no gloves)
MR       .....                  (no boots)
Stlth    ..........             W - +5 amulet of reflection
HPRegen  0.27/turn              T - +1 ring of protection
MPRegen  0.12/turn              A - ring of poison resistance

@: confused, very heavily drained
A: retaliatory headbutt, horns 2
a: Berserk, Trog's Hand, Brothers in Arms, Renounce Religion


You were on level 1 of the Elven Halls.
You worshipped Trog.
Trog was extremely pleased with you.
You were not hungry.

You visited 4 branches of the dungeon, and saw 14 of its levels.

You collected 1351 gold pieces.
You spent 857 gold pieces at shops.

Inventory:

Hand Weapons
 D - a +7 glaive of chopping
 F - a +1 hunting sling of flaming
 Q - a +3 spear of flaming (weapon)
 U - a +0 battleaxe of electrocution
Missiles
 e - 215 stones (quivered)
 k - 27 tomahawks
 m - 50 poisoned needles
 u - 8 needles of sleeping
 J - 4 tomahawks of returning
 K - 7 javelins
Armour
 a - the +1 leather armour "Sorodod" {rN+}
   (You found it on level 7 of the Dungeon)

   It protects you from negative energy.
 d - a +0 large shield (worn)
 j - a +4 plate armour of poison resistance (worn)
 R - a +2 cloak (worn)
Jewellery
 t - an uncursed ring of resist corrosion
 A - a ring of poison resistance (right hand)
 E - an uncursed ring of positive energy
 G - an uncursed ring of positive energy
 T - a +1 ring of protection (left hand)
 W - a +5 amulet of reflection (around neck)
Wands
 o - a wand of scattershot (3)
 r - a wand of digging (4)
 w - a wand of polymorph (9)
 B - a wand of paralysis (9)
 H - a wand of acid (9)
 M - a wand of clouds (4)
 Y - a wand of random effects (23)
Scrolls
 i - 5 scrolls of teleportation
 n - 3 scrolls of amnesia
 p - a scroll of vulnerability {unknown}
 s - 2 scrolls of immolation
 y - a scroll of fear {unknown}
 z - 2 scrolls of magic mapping
 I - 3 scrolls of enchant weapon
 N - 7 scrolls of remove curse
 S - a scroll of summoning {unknown}
 V - a scroll of enchant armour
Potions
 b - 2 potions of brilliance
 f - a potion of haste {unknown}
 h - a potion of cancellation {unknown}
 l - 2 potions of invisibility
 q - 3 potions of might
 v - 2 potions of heal wounds
 x - a potion of ambrosia {unknown}
 C - 3 potions of lignification
 L - 3 potions of curing
 O - a potion of agility {unknown}
 P - 2 potions of mutation
Comestibles
 c - 9 rations


   Skills:
 * Level 9.7(6.3) Fighting
 - Level 5.5(7.4) Axes
 * Level 14.2(10.7) Polearms
 + Level 8.0(4.7) Throwing
 * Level 11.1(7.5) Armour
 + Level 4.3(1.3) Dodging
 - Level 1.5(0.0) Stealth
 * Level 8.1(4.8) Shields


You had 11 spell levels left.
You didn't know any spells.
Your spell library contained the following spells:

 Spells                   Type           Power        Failure   Level  Hunger
 Animate Skeleton         Necr           N/A          100%        1    ##.....
 Apportation              Tloc           #.....       100%        1    ##.....
 Confusing Touch          Hex            #.....       100%        1    ##.....
 Summon Small Mammal      Summ           #...         100%        1    ##.....


Dungeon Overview and Level Annotations

Branches:
Dungeon (10/15)            Temple (1/1) D:5            Lair (0/6) D:10
    Orc (2/2) D:10            Elf (1/3) Orc:2

Altars:
Ashenzari
Cheibriados
Dithmenos
Elyvilon
Fedhas
Gozag
Hepliaklqana
Kikubaaqudgha
Makhleb
Nemelex Xobeh
Okawaru
Qazlal
Ru
Sif Muna
Trog
Uskayaw
Vehumet
Wu Jian
Xom
Yredelemnul
Zin
The Shining One

Shops:
D:5 %   Orc:2 [(!((


Innate Abilities, Weirdness & Mutations

You reflexively headbutt those who attack you in melee.
You have a pair of horns on your head.


Message History

The deep elf archer shoots an arrow.
You reflect the arrow off an invisible shield around you!
The arrow is repelled.
The deep elf mage casts a spell at you. The bolt of lightning hits you!!
The deep elf archer casts a spell at you.
You are confused.
The deep elf knight points at you and mumbles some strange words.
The stone arrow hits you!
* * * LOW HITPOINT WARNING * * *
The deep elf archer shoots an arrow.
The arrow hits you.
* * * LOW HITPOINT WARNING * * *
You see here 2 arrows.
You bump into the rock wall.
The deep elf knight shoots an arrow.
The arrow hits you.
* * * LOW HITPOINT WARNING * * *
The deep elf archer shoots an arrow.
The arrow hits you!
* * * LOW HITPOINT WARNING * * *
The deep elf knight shoots an arrow.
The arrow hits you!
You die...

####...(......(..................
.......(....................#'#'#
........e.e..)..............#.#.#
####...#######...#######..#######
#...'....*ee..# #.........
#...#...ee#(..# #.........
.#...#.....#...# #.........
..#..e#.....#...# #.........
..+...#.....#(.@# #.........
#.....#.(.# ..+..#######
#.....#...# ..#... #.#.#
#+#####...# ###.. #'#'# ..... ..
..... ...!... .. ..... ...#####
###### #≈≈≈


You could see a deep elf archer and a deep elf knight.

Vanquished Creatures
  2 two-headed ogres
  A centaur warrior (D:10)
  A dancing weapon (Elf:1)
  Pikel (D:9)
  6 deep elf magi
  3 orc knights
  An orc sorcerer (Elf:1)
  Maurice (D:9)
  Joseph (D:10)
  A centaur zombie (D:10)
  A centaur skeleton (D:10)
  Psyche (D:9)
  3 trolls
  Grinder (D:3)
  2 hornets
  A hippogriff (D:7)
  A spriggan (D:7)
  5 yaks (D:10)
  A hungry ghost (D:9)
  A warg (Orc:1)
  3 ice beasts
  2 sky beasts (D:9)
  35 orc warriors
  11 ogres
  3 phantoms
  8 centaurs
  A crocodile (D:10)
  2 big kobolds (D:10)
  5 bullfrogs
  A gnoll sergeant (D:10)
  4 scorpions
  A water moccasin skeleton (D:7)
  4 wights (D:10)
  2 howler monkeys
  2 crimson imps (D:6)
  A bullfrog zombie (D:9)
  A jelly (D:6)
  19 orc priests
  2 hounds
  2 quasits
  4 bullfrog skeletons
  An iron imp (D:6)
  4 iguanas
  19 orc wizards
  6 worker ants
  9 adders
  6 gnolls
  4 shadow imps
  3 oozes
  An adder skeleton (D:8)
  2 worms
  2 dart slugs (D:3)
  8 leopard geckos
  60 orcs
  2 ball pythons
  A giant cockroach (D:1)
  9 hobgoblins
  12 jackals
  3 quokkas
  4 bats
  4 frilled lizards (D:1)
  7 goblins
  A jackal zombie (D:5)
  9 kobolds
  A leopard gecko zombie (D:5)
  7 rats
333 creatures vanquished.

Vanquished Creatures (collateral kills)
  2 orc warriors
  2 gnoll sergeants (D:10)
  2 orc priests
  An orc wizard (Orc:1)
  An orc (Orc:1)
8 creatures vanquished.

Vanquished Creatures (others)
  A water elemental (Elf:1)
  3 orc warriors (Orc:2)
  2 centaurs (Orc:2)
  A hound (D:9)
  An adder (D:9)
  2 orcs (Orc:2)
10 creatures vanquished.

Grand Total: 351 creatures vanquished

Notes
Turn   | Place    | Note
-------+----------+-------------------------------------------
     0 | D:1      | DorianNounverber the Minotaur Berserker began the quest for
                  | the Orb.
     0 | D:1      | Reached XP level 1. HP: 19/19 MP: 0/0
   426 | D:1      | Reached XP level 2. HP: 27/27 MP: 1/1
   724 | D:2      | Found a shimmering altar of Xom.
   724 | D:2      | Found a glowing silver altar of Zin.
   726 | D:2      | Noticed an angel
   735 | D:2      | Reached XP level 3. HP: 30/34 MP: 2/2
   778 | D:2      | Found a bloodstained altar of Trog.
   801 | D:2      | Reached ** piety under Trog
   821 | D:2      | Reached skill level 1 in Throwing
   838 | D:2      | Noticed a bullfrog
   846 | D:2      | Killed a bullfrog
   846 | D:2      | Reached skill level 1 in Axes
   846 | D:2      | Reached XP level 4. HP: 32/41 MP: 3/3
  1269 | D:2      | Found a sparkling altar of Nemelex Xobeh.
  1271 | D:2      | Found a shadowy altar of Dithmenos.
  1616 | D:3      | Reached XP level 5. HP: 47/47 MP: 4/4
  1777 | D:3      | Noticed Grinder
  1789 | D:3      | Killed Grinder
  1789 | D:3      | Reached skill level 5 in Fighting
  1789 | D:3      | Reached XP level 6. HP: 38/56 MP: 5/5
  2393 | D:4      | Found a shattered altar of Ashenzari.
  2566 | D:4      | Reached *** piety under Trog
  2579 | D:4      | Found a blossoming altar of Fedhas.
  2793 | D:5      | Entered Level 5 of the Dungeon
  2929 | D:5      | Reached XP level 7. HP: 61/61 MP: 6/6
  2969 | D:5      | Found Ihelew's Food Shoppe.
  3005 | D:5      | Bought a ration for 50 gold pieces
  3005 | D:5      | Bought a ration for 50 gold pieces
  3005 | D:5      | Bought a ration for 50 gold pieces
  3005 | D:5      | Bought a ration for 50 gold pieces
  3084 | D:5      | Reached skill level 5 in Armour
  3121 | D:5      | Found a staircase to the Ecumenical Temple.
  3219 | D:5      | Reached skill level 1 in Stealth
  3336 | Temple   | Entered the Ecumenical Temple
  3411 | D:6      | Found an opulent altar of Gozag.
  3508 | D:6      | Reached skill level 5 in Axes
  3665 | D:6      | Reached XP level 8. HP: 67/70 MP: 7/7
  3852 | D:6      | Found a snail-covered altar of Cheibriados.
  4271 | D:7      | Reached skill level 4 in Polearms
  4483 | D:7      | Reached **** piety under Trog
  4488 | D:7      | Reached skill level 5 in Polearms
  4488 | D:7      | Reached skill level 5 in Throwing
  4527 | D:7      | Got a twisted leather armour
  4538 | D:7      | Identified the +1 leather armour "Sorodod" {rN+} (You found
                  | it on level 7 of the Dungeon)
  4738 | D:7      | Noticed a hippogriff
  4748 | D:7      | Killed a hippogriff
  4826 | D:7      | Reached skill level 6 in Polearms
  5043 | D:7      | Reached XP level 9. HP: 77/77 MP: 8/8
  5204 | D:8      | Noticed a two-headed ogre
  5209 | D:8      | Killed a two-headed ogre
  5209 | D:8      | Reached skill level 8 in Polearms
  5525 | D:8      | Reached skill level 9 in Polearms
  5820 | D:9      | Found a basalt altar of Yredelemnul.
  5832 | D:9      | Reached ***** piety under Trog
  5857 | D:9      | Noticed Maurice
  5889 | D:9      | Killed Maurice
  5927 | D:9      | Reached XP level 10. HP: 78/86 MP: 9/9
  6058 | D:9      | Noticed Pikel
  6072 | D:9      | Killed Pikel
  6072 | D:9      | Reached skill level 10 in Polearms
  6072 | D:9      | Reached skill level 1 in Shields
  6234 | D:9      | Noticed Psyche
  6246 | D:9      | Killed Psyche
  6637 | D:10     | Entered Level 10 of the Dungeon
  6637 | D:10     | Noticed Joseph
  6651 | D:10     | Paralysed by Joseph for 7 turns
  6662 | D:10     | Killed Joseph
  6696 | D:10     | Noticed a two-headed ogre
  6705 | D:10     | Killed a two-headed ogre
  6705 | D:10     | Reached skill level 11 in Polearms
  6813 | D:10     | Found a staircase to the Lair.
  6961 | D:10     | Noticed a centaur warrior
  6975 | D:10     | Killed a centaur warrior
  7061 | D:10     | Reached XP level 11. HP: 94/95 MP: 10/10
  7076 | D:10     | Received a gift from Trog
  7485 | D:10     | Found a staircase to the Orcish Mines.
  7493 | D:10     | Reached skill level 12 in Polearms
  8078 | Orc:1    | Entered Level 1 of the Orcish Mines
  8116 | Orc:1    | Noticed an orc knight
  8129 | Orc:1    | Killed an orc knight
  8129 | Orc:1    | Reached skill level 5 in Shields
  9264 | Orc:2    | Entered Level 2 of the Orcish Mines
  9567 | Orc:2    | Found Ixtudumm's Antique Armour Emporium.
  9603 | Orc:2    | Reached skill level 13 in Polearms
 10143 | Orc:2    | Received a gift from Trog
 10481 | Orc:2    | Noticed an orc knight
 10844 | Orc:2    | Reached skill level 10 in Armour
 10853 | Orc:1    | Killed an orc knight
 11603 | Orc:2    | Noticed an orc knight
 12654 | Orc:2    | Killed an orc knight
 12901 | Orc:2    | Found a staircase to the Elven Halls.
 13060 | Orc:2    | Reached XP level 12. HP: 104/104 MP: 11/11
 13193 | Orc:2    | Received a gift from Trog
 13915 | Orc:2    | Found Weplodumn's Distillery.
 13915 | Orc:2    | Found Efruza Kixe's Weapon Boutique.
 13917 | Orc:2    | Found Qykeraco's Weapon Shop.
 13919 | Orc:2    | Found Naurot's Antique Weapon Emporium.
 13926 | Orc:2    | Bought a potion of might for 48 gold pieces
 13926 | Orc:2    | Bought a potion of heal wounds for 60 gold pieces
 13926 | Orc:2    | Bought a potion of invisibility for 96 gold pieces
 13926 | Orc:2    | Bought a potion of brilliance for 48 gold pieces
 13926 | Orc:2    | Bought a potion of mutation for 96 gold pieces
 13926 | Orc:2    | Bought 2 potions of lignification for 72 gold pieces
 14041 | Orc:2    | Bought a glowing battleaxe for 237 gold pieces
 14169 | Elf:1    | Entered Level 1 of the Elven Halls
 14181 | Elf:1    | Reached skill level 14 in Polearms
 15886 | Elf:1    | HP: 1/106 [deep elf archer/arrow (13)]
 15886 | Elf:1    | Shot with an arrow by a deep elf knight

Skill      XL: |  1  2  3  4  5  6  7  8  9 10 11 12 |
---------------+-------------------------------------+-----
Fighting       | 4 5 6 7 8 9 |  9.7
Throwing       | 1 2 3 4 5 6 7 8 |  8.0
Axes           | 1 3 5 |  5.5
Armour         | 3 4 5 6 7 9 10 11 | 11.1
Dodging        | 3 4 |  4.3
Stealth        | 1 |  1.5
Polearms       | 6 9 11 13 14 | 14.2
Shields        | 4 6 8 |  8.1

Action                   |  1- 3 |  4- 6 |  7- 9 | 10-12 || total
-------------------------+-------+-------+-------+-------++-------
Melee: Spear             |    32 |       |       |   115 ||   147
       Headbutt          |     7 |    17 |    41 |    77 ||   142
       Hand axe          |    31 |    82 |    73 |       ||   186
       Trident           |       |       |   179 |   129 ||   308
       Glaive            |       |       |       |   268 ||   268
Throw: Stone             |    49 |    76 |   179 |   218 ||   522
       Tomahawk          |       |       |     2 |       ||     2
Invok: Berserk           |       |       |     2 |     5 ||     7
       Brothers in Arms  |       |       |       |     5 ||     5
       Trog's Hand       |       |       |       |     5 ||     5
  Use: Scroll            |       |       |       |    16 ||    16
 Stab: Sleeping          |     1 |       |       |       ||     1
       Distracted        |       |       |       |     1 ||     1
  Eat: Ration            |     2 |     1 |     7 |    10 ||    20
       Chunk             |       |       |     1 |     4 ||     5
Armor: Scale mail        |    11 |    16 |       |       ||    27
       Ring mail         |       |     5 |    41 |       ||    46
       Plate armour      |       |       |    40 |   268 ||   308
Dodge: Dodged            |    39 |    53 |    92 |   196 ||   380
Block: Other             |       |       |    27 |    88 ||   115
       Reflection        |       |       |     5 |    34 ||    39
       Buckler           |       |       |     4 |     3 ||     7
       Large shield      |       |       |       |   149 ||   149
